 Dungeon Crawl Stone Soup version 0.28-a0-1033-g1a2f33fa85 (webtiles) character file.

Game seed: 1366329606501076964

6696 bande the Cleaver (level 11, -2/66 HPs)
             Began as a Gargoyle Fighter on Dec 8, 2021.
             Was a High Priest of Okawaru.
             Slain by a gargoyle (14 damage)
             ... on level 10 of the Dungeon.
             The game lasted 00:24:48 (12743 turns).

bande the Cleaver (Gargoyle Fighter)               Turns: 12743, Time: 00:24:49

Health: -2/66      AC: 26    Str: 23    XL:     11   Next: 3%
Magic:  15/15      EV:  7    Int:  8    God:    Okawaru [*****.]
Gold:   441        SH:  5    Dex: 13    Spells: 10/10 levels left

rFire   . . .      SeeInvis .   x - +2 war axe (vorpal)
rCold   . . .      Faith    +   c - +0 buckler
rNeg    + . .      Spirit   .   A - +1 plate armour "Xalujoim" {+Blink Str+2}
rPois   ∞          Reflect  .   i - +1 helmet
rElec   +          Harm     .   (no cloak)
rCorr   +          Rampage  .   z - +0 pair of gloves
Will    .....                   (no boots)
Stlth   ..........              l - amulet of faith
HPRegen 0.21/turn               f - +4 ring of slaying
MPRegen 0.14/turn               B - ring of resist corrosion

@: no status effects
A: sickness immunity, AC +8, negative energy resistance 1, electricity
resistance, torment resistance 1, petrification resistance
a: Renounce Religion, Evoke Blink, Heroism, Finesse, Duel


You were on level 10 of the Dungeon.
You worshipped Okawaru.
Okawaru was extremely pleased with you.
You visited 2 branches of the dungeon, and saw 11 of its levels.

You collected 441 gold pieces.

Inventory:

Hand Weapons
 s - a +0 war axe of venom
 x - a +2 vorpal war axe (weapon)
 E - a +4 scimitar of flaming
 G - a +2 flail of protection
Armour
 c - a +0 buckler (worn)
 i - a +1 helmet (worn)
 v - a +1 scale mail of fire resistance
 z - a +0 pair of gloves (worn)
 A - the +1 plate armour "Xalujoim" (worn) {+Blink Str+2}
   (You found it on level 8 of the Dungeon)

   Str:       It affects your strength (+2).
   +Blink:    It lets you blink.
Jewellery
 f - a +4 ring of slaying (left hand)
 l - an amulet of faith (around neck)
 y - a +6 ring of intelligence
 B - a ring of resist corrosion (right hand)
Wands
 e - a wand of flame (7)
 q - a wand of iceblast (7)
Scrolls
 b - 2 scrolls of amnesia
 m - 2 scrolls of enchant armour
 o - a scroll of fog
 p - 2 scrolls of blinking
 r - 4 scrolls of teleportation
 w - 2 scrolls of fear
Potions
 a - 2 potions of mutation
 d - 4 potions of might
 g - a potion of flight {unknown}
 h - 4 potions of curing
 j - 2 potions of berserk rage
 k - 2 potions of heal wounds
 n - 2 potions of ambrosia
 t - 2 potions of invisibility
 u - 4 potions of cancellation
 D - a potion of brilliance {unknown}
 H - 2 potions of haste {unknown}


   Skills:
 + Level 6.6 Fighting
 + Level 9.7 Axes
 + Level 8.4 Armour
 + Level 5.9 Shields
 * Level 5.8 Invocations
 * Level 5.4 Evocations


You had 10 spell levels left.
You didn't know any spells.
Your spell library contained the following spells:

 Spells                   Type           Power      Damage    Failure   Level
 Ensorcelled Hibernation  Hex/Ice        0%         N/A       100%        2
 Confusing Touch          Hex            0%         N/A       100%        3
 Leda's Liquefaction      Hex/Erth       0%         N/A       100%        4
 Metabolic Englaciation   Hex/Ice        0%         N/A       100%        5
 Silence                  Hex/Air        0%         N/A       100%        5
 Discord                  Hex            0%         N/A       100%        8
 Necromutation            Tmut/Necr      0%         N/A       100%        8


Dungeon Overview and Level Annotations

Branches:
Dungeon (10/15)            Temple (1/1) D:5
   Lair: D:8-11         Orc: D:9-12

Altars:
Ashenzari
Elyvilon
Gozag
Makhleb
Nemelex Xobeh
Okawaru
Qazlal
Vehumet
Yredelemnul
The Shining One

Shops:
D:2 ?   D:4 [

Annotations:
D:4 4 runed translucent doors


Innate Abilities, Weirdness & Mutations

You are immune to sickness and miasma.
Your stone body is resilient. (AC +8)
You are immune to poison.
You resist negative energy. (rN+)
You are resistant to electric shocks. (rElec)
You are resistant to unholy torment.
You are immune to petrification.


Message History

You hit the gargoyle.
The gargoyle is lightly damaged.
You slash something! Okawaru accepts your kill.
Reactivating autopickup.
You feel a bit more experienced. The gargoyle closely misses you.
You hit the gargoyle but do no damage.
The gargoyle is lightly damaged.
The gargoyle hits you but does no damage.
You hit the gargoyle but do no damage.
The gargoyle is lightly damaged.
The gargoyle hits you with a +0 flail of protection.
You hit the gargoyle but do no damage.
The gargoyle is lightly damaged.
The gargoyle hits you with a +0 flail of protection!
You completely miss the gargoyle.
The gargoyle is lightly damaged.
The gargoyle hurls a stone arrow at you.
The stone arrow hits you but does no damage.
You slash the gargoyle!
The gargoyle is heavily damaged.
You block the gargoyle's attack.
You barely miss the gargoyle.
The gargoyle is heavily damaged.
The gargoyle barely misses you.
You hit the gargoyle but do no damage.
The gargoyle is heavily damaged.
The gargoyle hits you with a +0 flail of protection!
* * * LOW HITPOINT WARNING * * *
You barely miss the gargoyle.
The gargoyle is heavily damaged.
The gargoyle hits you but does no damage.
You hit the gargoyle but do no damage.
The gargoyle is heavily damaged.
The gargoyle hurls a stone arrow at you.
The stone arrow hits you but does no damage.
You hit the gargoyle.
The gargoyle is severely damaged.
The gargoyle hits you with a +0 flail of protection!
You die...

####...######## #
#...# # ##.## #
#.# # #######.# #
# ........# .# #
#######.###.###.#
# ####)9..)....$
# #...)@..<..?.#
# #.##.###.#####
.. #.# # ## #.#
..# ###


You could see a gargoyle.

Vanquished Creatures
  Snorg (D:10)
  Erica (D:8)
  Joseph (D:9)
  Maggie (D:8)
  5 yaks (D:6)
  4 wyverns
  3 steam dragons (D:7)
  2 water moccasins
  2 orc warriors
  An ice beast (D:7)
  2 black bears
  2 sky beasts
  An ogre (D:7)
  5 centaurs
  3 phantoms
  3 bullfrogs
  3 scorpions
  3 killer bees (D:8)
  A wight (D:4)
  3 howler monkeys (D:7)
  3 electric eels (D:9)
  A centaur zombie (D:8)
  2 orc priests
  2 hounds
  4 jellies
  A gnoll shaman (D:6)
  A centaur skeleton (D:7)
  Natasha (thrice) (D:3)
  8 orc wizards
  2 hound skeletons
  A howler monkey zombie (D:5)
  3 adders
  8 gnolls
  2 white imps
  An ufetubus (D:7)
  An adder skeleton (D:4)
  3 worms
  4 dart slugs
  25 orcs
  12 ball pythons
  8 bats
  6 endoplasms
  3 giant cockroaches
  7 goblins
  9 hobgoblins
  4 jackals (D:1)
  12 kobolds
  2 quokkas
  A frilled lizard (D:1)
  3 rats
189 creatures vanquished.

Vanquished Creatures (others)
  An orc wizard (D:10)
1 creature vanquished.

Grand Total: 190 creatures vanquished

Notes
Turn   | Place    | Note
-------+----------+-------------------------------------------
     0 | D:1      | bande the Gargoyle Fighter began the quest for the Orb.
     0 | D:1      | Reached XP level 1. HP: 14/14 MP: 1/1
   128 | D:1      | Reached XP level 2. HP: 19/19 MP: 2/2
   778 | D:1      | Reached skill level 2 in Axes
   937 | D:1      | Reached XP level 3. HP: 22/23 MP: 3/3
  1767 | D:2      | Reached XP level 4. HP: 10/28 MP: 4/4
  2443 | D:2      | Found Meitiq's Magic Scroll Shoppe.
  3245 | D:3      | Noticed Natasha
  3256 | D:3      | Killed Natasha
  3257 | D:3      | Reached skill level 3 in Axes
  3415 | D:3      | Noticed Natasha
  3419 | D:3      | Killed Natasha
  3420 | D:3      | Reached XP level 5. HP: 26/33 MP: 5/5
  3723 | D:3      | Noticed Natasha
  3741 | D:3      | Killed Natasha
  3742 | D:3      | Reached XP level 6. HP: 25/38 MP: 6/6
  3837 | D:3      | Reached skill level 4 in Axes
  3991 | D:3      | Found a faded altar of an unknown god.
  4804 | D:4      | Reached skill level 5 in Armour
  4848 | D:4      | Found Taycwe's Antique Armour Shoppe.
  5298 | D:4      | Reached XP level 7. HP: 43/43 MP: 7/7
  5299 | D:4      | Found a large runed translucent door.
  5300 | D:4      | Found a large runed translucent door.
  5309 | D:4      | Found a large runed translucent door.
  5309 | D:4      | Found a large runed translucent door.
  5336 | D:4      | Reached skill level 5 in Axes
  5386 | D:4      | Reached skill level 1 in Evocations
  5639 | D:4      | Reached XP level 8. HP: 41/48 MP: 8/8
  5734 | D:4      | Got Tett's Incunabulum of Ensnaring Changing
  5799 | D:5      | Entered Level 5 of the Dungeon
  5826 | D:5      | Reached skill level 6 in Axes
  6092 | D:5      | Found a staircase to the Ecumenical Temple.
  6098 | Temple   | Entered the Ecumenical Temple
  6158 | Temple   | Became a worshipper of Warmaster Okawaru
  6331 | D:5      | Reached skill level 1 in Invocations
  6941 | D:6      | Noticed a wyvern
  6948 | D:6      | Killed a wyvern
  7227 | D:6      | Reached * piety under Okawaru
  7228 | D:6      | Reached skill level 7 in Axes
  7420 | D:6      | Reached skill level 5 in Fighting
  7568 | D:6      | Noticed a yak
  7568 | D:6      | Noticed a yak
  7569 | D:6      | Noticed a yak
  7571 | D:6      | Noticed a yak
  7574 | D:6      | Killed a yak
  7574 | D:6      | Noticed a yak
  7575 | D:6      | Reached XP level 9. HP: 54/54 MP: 10/10
  7599 | D:6      | Reached ** piety under Okawaru
  8604 | D:7      | Reached skill level 8 in Axes
  8604 | D:7      | Reached skill level 5 in Shields
  8917 | D:7      | Reached *** piety under Okawaru
  9102 | D:7      | Reached XP level 10. HP: 54/60 MP: 13/13
  9379 | D:8      | Got the Reference Book on Hexes
  9472 | D:8      | Noticed Erica
  9495 | D:8      | Killed Erica
  9495 | D:8      | Reached **** piety under Okawaru
  9895 | D:8      | Identified the +1 plate armour "Xalujoim" {+Blink Str+2}
 10025 | D:8      | Reached skill level 9 in Axes
 10191 | D:8      | Noticed Maggie
 10200 | D:8      | Killed Maggie
 10279 | D:8      | Reached skill level 5 in Invocations
 10709 | D:9      | Noticed Joseph
 10723 | D:9      | Killed Joseph
 11058 | D:9      | Reached skill level 5 in Evocations
 12455 | D:10     | Entered Level 10 of the Dungeon
 12455 | D:10     | Noticed Snorg
 12463 | D:10     | Killed Snorg
 12463 | D:10     | Reached ***** piety under Okawaru
 12464 | D:10     | Reached XP level 11. HP: 55/66 MP: 15/15
 12743 | D:10     | Slain by a gargoyle

Illustrated notes

Levels and vault maps discovered:
D:1:      saegor_arrival_simple_a, layout_basic
D:2:      layout_basic, serial_shops, shop, roderic_roman_lattice
D:3:      layout_rooms, dreamdust_ecumenical_altar_angels_and_demons,
          uniq_natasha
D:4:      layout_rooms, serial_shops, shop, minmay_hollow_rounded_squares
D:5:      layout_cave_pools, minmay_temple_entry_fiery
D:6:      layout_loops_corners, portal_sewer_entry_e, glass_columns_a,
          hangedman_glass_teeth
D:7:      cheibrodos_steamvent, layout_basic
D:8:      layout_loops_corners, minmay_puff, uniq_erica, uniq_maggie
D:9:      layout_basic, kennysheep_island_fort, uniq_joseph
D:10:     layout_loops_ring, mainiacjoe_overflow_small_starburst, uniq_snorg
Temple:   minmay_crystal_snake_temple

Skill      XL: |  1  2  3  4  5  6  7  8  9 10 |
---------------+-------------------------------+-----
Axes           | 2 3 4 5 7 8 9 |  9.7
Armour         | 4 5 6 7 8 |  8.4
Shields        | 4 5 |  5.9
Fighting       | 4 5 6 |  6.6
Evocations     | 1 3 4 5 |  5.4
Invocations    | 2 4 5 |  5.8

Action                   |  1- 3 |  4- 6 |  7- 9 | 10-12 || total
-------------------------+-------+-------+-------+-------++-------
Melee: War axe           |   113 |   154 |   214 |   155 ||   636
  Use: Scroll            |       |     8 |     8 |     6 ||    22
       Potion            |       |       |     1 |     1 ||     2
Armor: Scale mail        |    54 |       |       |       ||    54
       Chain mail        |    29 |    93 |   129 |    32 ||   283
       Plate armour      |       |       |       |    99 ||    99
Dodge: Dodged            |    59 |    49 |    64 |    51 ||   223
Block: Buckler           |    23 |    47 |    44 |    43 ||   157

Table legend: (Time is in decaauts)
 A = Elapsed time spent in this place.
 B = Non-inter-level travel time spent in this place.
 C = Inter-level travel time spent in this place.
 D = Time resting spent in this place.
 E = Time spent auto-exploring this place.
 F = Levels seen in this place.
 G = Mean time per level.
                   A        B        C        D        E       F      G
               +--------+--------+--------+--------+--------+-----+--------+
         Total |  12926 |  12564 |    362 |   3409 |   6871 |  11 | 1175.1 |
       Dungeon |  12811 |  12449 |    362 |   3409 |   6821 |  10 | 1281.1 |
        Temple |    115 |    115 |      0 |      0 |     50 |   1 |  115.0 |
               +--------+--------+--------+--------+--------+-----+--------+

Top non-repeatable levels by time:
     D:6: 2073 daAuts
     D:1: 1919 daAuts
     D:9: 1797 daAuts
     D:2: 1569 daAuts
     D:8: 1429 daAuts
     D:3: 1328 daAuts
     D:4: 1130 daAuts
     D:5: 773 daAuts
     D:7: 500 daAuts
    D:10: 288 daAuts
  Temple: 115 daAuts
